 Dungeon Crawl Stone Soup version 0.28.0-43-g3370ac3207 (webtiles) character file.

Game seed: 14136278307638871419

55 silky the Cudgeller (level 3, -3/34 HPs)
             Began as a Minotaur Chaos Knight on Mar 30, 2022.
             Was a Plaything of Xom.
             Slain by a goblin
             ... wielding a +0 dagger
             ... led by Robin
              (5 damage)
             ... on level 2 of the Dungeon.
             The game lasted 00:04:12 (1310 turns).

silky the Cudgeller (Minotaur Chaos Knight)         Turns: 1310, Time: 00:04:14

Health: -3/34      AC:  5    Str: 16    XL:     3   Next: 67%
Magic:  2/2        EV: 10    Int: 11    God:    Xom [..*...]
Gold:   43         SH:  0    Dex:  9    Spells: 2/2 levels left

rFire   . . .      SeeInvis .   a - +0 mace (chaos)
rCold   . . .      Faith    .   (no shield)
rNeg    . . .      Spirit   .   k - +0 ring mail
rPois   .          Reflect  .   (helmet restricted)
rElec   .          Harm     .   (no cloak)
rCorr   .          Rampage  .   (no gloves)
Will    .....                   (no boots)
Stlth   ..........              (no amulet)
HPRegen 0.11/turn               (no ring)
MPRegen 0.08/turn               (no ring)

@: no status effects
A: horns 2, retaliatory headbutt
a: Renounce Religion


You were on level 2 of the Dungeon.
You worshipped Xom.
You were a toy of Xom.
You visited 1 branch of the dungeon, and saw 2 of its levels.

You collected 43 gold pieces.

Inventory:

Hand Weapons
 a - a +0 mace of chaos (weapon)
Missiles
 c - 3 silver javelins (quivered)
Armour
 k - a +0 ring mail (worn)
Wands
 b - a wand of digging (4)
 g - a wand of charming (4)
Scrolls
 e - a scroll of teleportation {unknown}
 f - 4 scrolls of identify {unknown}
Potions
 d - a potion of might {unknown}
 h - a potion of cancellation {unknown}
 j - a potion of brilliance {unknown}


   Skills:
 + Level 4.3 Fighting
 + Level 4.5 Maces & Flails
 + Level 2.8 Armour
 + Level 1.7 Dodging
 + Level 0.3 Stealth


You had 2 spell levels left.
You didn't know any spells.
Your spell library contained the following spells:

 Spells                   Type           Power      Damage    Failure   Level
 Animate Skeleton         Necr           0%         N/A       54%         1
 Pain                     Necr           0%         1d4       54%         1
 Vampiric Draining        Necr           0%         2d6       89%         3


Dungeon Overview and Level Annotations

Branches:
Dungeon (2/15)

Altars:

Annotations:
D:2 Robin


Innate Abilities, Weirdness & Mutations

You have a pair of horns on your head.
You reflexively headbutt those who attack you in melee.


Message History

The goblin hits you but does no damage.
You closely miss the goblin.
A goblin comes into view. It is wielding a +0 dagger.
The goblin hits you but does no damage.
You barely miss the goblin.
A hobgoblin comes into view.
The goblin hits you with a +0 dagger. Robin throws the goblin at you!
The goblin barely misses you. You furiously retaliate!
You headbutt the goblin.
You kill the goblin!
The goblin barely misses you.
You closely miss the goblin. The goblin hits you with a +0 dagger.
The goblin barely misses you.
The goblin hits you but does no damage. x2
The goblin hits you with a +0 club. The goblin misses you.
You furiously retaliate!
You headbutt the goblin. The goblin hits you with a +0 dagger.
You thump the goblin! You freeze the goblin.
You kill the goblin!
The goblin hits you but does no damage. x2; The goblin hits you with a +0 club.
Robin roars a battlecry!
The goblins go into a battle-frenzy!
The goblin hits you but does no damage.
You closely miss the goblin. The goblin barely misses you. x2
Robin says, "Bow before me, strongest of all the hobgoblins!"
The goblin hits you but does no damage.
You barely miss Robin. You headbutt Robin.
Robin is moderately wounded.
The goblin hits you with a +0 dagger. x2
The goblin hits you but does no damage. The goblin hits you with a +0 dagger.
* * * LOW HITPOINT WARNING * * *
The goblin hits you with a +0 dagger.
* * * LOW HITPOINT WARNING * * *
As you read the scroll labelled ARCHEL TEEHEXIS, it crumbles to dust.
It is a scroll of amnesia.
You feel forgetful for a moment. "Have a taste of chaos, mortal."
You are now a toy of Xom.
The goblin hits you but does no damage. x2; Robin hits you with a +0 dagger.
* * * LOW HITPOINT WARNING * * *
The goblin hits you with a +0 dagger.
You die...

.#.# #.#
.#.###.######......
...............?..
.#.###.######.... .#.#
#..........
.#.###.######... #
...........##.########...
.#.###.###.##.##gg.......
.#.# #.# #.....g@g.......
...# #.# #.##.##g#.###.#.
.. .......#.##g#.# ##
#.###.##....... # #.#
#.#####.#.## . .. #..
..... # #.# #.#.## #.#
#.#.#


You could see Robin, a hobgoblin (strong) and 4 goblins.

Vanquished Creatures
  An adder (D:2)
  A worm (D:2)
  5 ball pythons
  2 endoplasms (D:1)
  2 hobgoblins (D:1)
  4 jackals (D:1)
  3 kobolds (D:1)
  3 quokkas
  2 bats
  2 frilled lizards (D:1)
  12 goblins
  3 rats
40 creatures vanquished.

Notes
Turn   | Place    | Note
-------+----------+-------------------------------------------
     0 | D:1      | silky the Minotaur Chaos Knight began the quest for the
                  | Orb.
     0 | D:1      | Reached XP level 1. HP: 19/19 MP: 0/0
    41 | D:1      | Reached XP level 2. HP: 19/27 MP: 1/1
   294 | D:1      | XOM: silly message
   543 | D:1      | XOM: god gift: wand of charming (4)
   833 | D:1      | XOM: scenery: summon butterflies
   837 | D:1      | XOM: chaos cloud
   883 | D:1      | XOM: summons 2 hostile shadow creatures
  1032 | D:2      | Reached XP level 3. HP: 33/33 MP: 2/2
  1288 | D:2      | Identified the +9 hunting sling of Xeoch {flame, Str+5}
  1293 | D:2      | XOM: blink monster(s)
  1303 | D:2      | Noticed Robin
  1310 | D:2      | XOM: chaos upgrade
  1310 | D:2      | Slain by a goblin

Illustrated notes

Levels and vault maps discovered:
D:1:      giann_horns, layout_basic
D:2:      layout_basic, uniq_robin

Skill      XL: |  1  2 |
---------------+-------+-----
Maces & Flails | 4 |  4.5
Fighting       | 4 |  4.3
Armour         | |  2.8
Dodging        | |  1.7
Stealth        | |  0.3

Action                   || total
-------------------------++-------
Melee: Mace              ||    82
       Headbutt          ||     6
       Punch             ||     1
  Use: Scroll            ||     1
Armor: Leather armour    ||    32
       Ring mail         ||    15
Dodge: Dodged            ||    53
